 Dungeon Crawl Stone Soup version 0.21.1-1-g345015f (webtiles) character file.

5152 diana the Impaler (level 10, -2/67 HPs)
             Began as a Merfolk Gladiator on May 28, 2018.
             Was a Follower of Ashenzari.
             Slain by a troll (10 damage)
             ... on level 9 of the Dungeon.
             The game lasted 00:22:13 (12079 turns).

diana the Impaler (Merfolk Gladiator)              Turns: 12079, Time: 00:22:14

Health: -2/67      AC:  5    Str: 15    XL:     10   Next: 59%
Magic:  10/10      EV: 16    Int:  8    God:    Ashenzari [*.....]
Gold:   509        SH:  0    Dex: 21    Spells: 9/9 levels left

rFire    . . .     SeeInvis .   e - +0 halberd
rCold    . . .     Gourm    .   (shield currently unavailable)
rNeg     + . .     Faith    .   b - +0 leather armour
rPois    +         Spirit   .   (no helmet)
rElec    .         Reflect  .   (no cloak)
rCorr    .         Harm     .   (no gloves)
MR       .....     Clarity  +   (no boots)
Stlth    ++........             (no amulet)
HPRegen  0.21/turn              m - +3 ring of dexterity (curse)
MPRegen  0.12/turn              C - ring of positive energy

@: no status effects
A: change form in water, swift swim, stealthy swim, repulsion field 1, slimy
green scales 1, clarity, poison resistance
a: Curse Item, Scrying, Renounce Religion


You were on level 9 of the Dungeon.
You worshipped Ashenzari.
Ashenzari was aware of your devotion.
You were not hungry.

You visited 2 branches of the dungeon, and saw 10 of its levels.

You collected 509 gold pieces.

Inventory:

Hand Weapons
 a - a +0 trident
 e - a +0 halberd (weapon)
Missiles
 d - 3 throwing nets (quivered)
Armour
 b - a +0 leather armour (worn)
 c - a +0 helmet
Jewellery
 m - a cursed +3 ring of dexterity (left hand)
 p - an uncursed ring of wizardry
 u - an uncursed ring of poison resistance
 C - a ring of positive energy (right hand)
 K - a +3 ring of protection
Wands
 o - a wand of enslavement (8)
 H - a wand of random effects (25)
Scrolls
 h - a scroll of noise {unknown}
 i - 8 scrolls of identify {unknown}
 j - 2 scrolls of remove curse
 l - 2 scrolls of immolation {unknown}
 r - 5 scrolls of enchant weapon {unknown}
 t - 4 scrolls of enchant armour {unknown}
 v - a scroll of random uselessness {unknown}
 w - 3 scrolls of teleportation {unknown}
 x - 2 scrolls of fear {unknown}
 y - a scroll of magic mapping {unknown}
 A - a scroll of blinking {unknown}
 G - a scroll of silence {unknown}
 J - a scroll of fog {unknown}
Potions
 g - a potion of berserk rage {unknown}
 k - 2 potions of invisibility {unknown}
 n - 4 potions of cancellation {unknown}
 q - 2 potions of lignification {unknown}
 s - a potion of resistance {unknown}
 z - a potion of flight {unknown}
 B - a potion of agility {unknown}
 E - 2 potions of heal wounds {unknown}
 F - 3 potions of curing
 L - a potion of haste {unknown}
Books
 D - a book of Debilitation

   Spells                             Type                      Level
   a - Corona                         Hexes                        1
   b - Slow                           Hexes                        2
   c - Inner Flame                    Hexes/Fire                   3
   d - Portal Projectile              Hexes/Translocation          3
   e - Cause Fear                     Hexes                        4
   f - Leda's Liquefaction            Hexes/Earth                  4
 I - Zuav's Disquisition on the Dusty Birds
   (You found it on level 9 of the Dungeon)

   Spells                             Type                      Level
   a - Swiftness                      Charms/Air                   2
   b - Leda's Liquefaction            Hexes/Earth                  4
   c - Petrify                        Transmutation/Earth          4
   d - Deflect Missiles               Charms/Air                   6
Comestibles
 f - 10 rations


   Skills:
 - Level 2.1 Fighting
 + Level 19.9 Polearms
 - Level 2.0 Throwing
 - Level 4.0 Dodging


You had 9 spell levels left.
You didn't know any spells.

Dungeon Overview and Level Annotations

Branches:
Dungeon (9/15)             Temple (1/1) D:7            Lair (0/6) D:9
    Orc: D:9-12

Altars:
Ashenzari
Cheibriados
Dithmenos
Fedhas
Gozag
Hepliaklqana
Kikubaaqudgha
Makhleb
Nemelex Xobeh
Okawaru
Qazlal
Ru
Sif Muna
Trog
Uskayaw
Vehumet
Wu Jian
Yredelemnul
Zin

Shops:
D:5 **


Innate Abilities, Weirdness & Mutations

You revert to your normal form in water.
You are very nimble and swift while swimming.
You are very stealthy in the water. (Stealth+)
You are surrounded by a mild repulsion field. (EV +2)
You are partially covered in slimy green scales. (AC +2)
You possess an exceptional clarity of mind.
Your system is resistant to poisons. (rPois)


Message History

You puncture the troll!
The troll is severely wounded.
The troll bites you! The troll claws you but does no damage.
The troll barely misses you.
You hit the troll.
The troll is severely wounded.
The troll bites you.
* * * LOW HITPOINT WARNING * * *
The troll barely misses you. The troll closely misses you.
You closely miss the troll.
The troll is severely wounded.
The troll bites you!
* * * LOW HITPOINT WARNING * * *
The troll completely misses you. The troll closely misses you.
You barely miss the troll.
The troll is severely wounded.
You puncture the troll!
The troll is almost dead.
The troll bites you but does no damage. The troll claws you!
You die...

#########
####.......#########
##..@.......'........
###..##T...(..#########
#####...###.......#
#######.....###
#.......# ........#####
#.......# #########
#.......# #.......#
######'## #########
##..#


You could see a troll.

Vanquished Creatures
  A two-headed ogre (D:8)
  The ghost of sipior the Sneak, a novice HuIE of Nemelex Xobeh (D:8)
  The ghost of diana the Impaler, a novice MfGl of Okawaru (D:7)
  2 hippogriffs
  A basilisk (D:9)
  A yak (D:9)
  3 orc warriors
  3 ice beasts
  A black bear (D:9)
  A sky beast (D:6)
  An ogre (D:4)
  3 centaurs
  A crocodile (D:9)
  A big kobold (D:5)
  2 bullfrogs
  A jelly (D:8)
  5 wights (D:8)
  6 killer bees
  2 howler monkeys (D:9)
  2 crimson imps
  4 orc priests
  5 hounds
  3 orc wizards
  3 bullfrog skeletons (D:4)
  2 centaur skeletons
  A worker ant (D:5)
  2 hound skeletons
  A hound zombie (D:8)
  A worker ant zombie (D:8)
  4 gnolls (D:4)
  5 adders
  2 shadow imps
  2 adder skeletons
  2 adder zombies (D:5)
  2 worms
  6 leopard geckos
  25 orcs
  4 giant cockroaches
  6 goblins
  5 hobgoblins
  2 jackals (D:4)
  2 quokkas (D:4)
  5 bats
  4 frilled lizards
  A jackal skeleton (D:4)
  14 kobolds
  7 rats
159 creatures vanquished.

Notes
Turn   | Place    | Note
-------+----------+-------------------------------------------
     0 | D:1      | diana the Merfolk Gladiator began the quest for the Orb.
     0 | D:1      | Reached XP level 1. HP: 16/16 MP: 1/1
    94 | D:1      | Reached skill level 5 in Polearms
   111 | D:1      | Reached XP level 2. HP: 21/22 MP: 2/2
   554 | D:1      | Reached skill level 6 in Polearms
   554 | D:1      | Reached XP level 3. HP: 27/27 MP: 3/3
   931 | D:2      | Found a radiant altar of Vehumet.
  1454 | D:3      | Reached skill level 7 in Polearms
  1454 | D:3      | Reached XP level 4. HP: 15/33 MP: 4/4
  2280 | D:3      | Reached skill level 8 in Polearms
  2280 | D:3      | Reached XP level 5. HP: 22/38 MP: 5/5
  2412 | D:3      | Noticed an ice beast
  2427 | D:3      | Killed an ice beast
  2427 | D:3      | Reached skill level 9 in Polearms
  2863 | D:4      | Reached XP level 6. HP: 39/44 MP: 6/6
  2942 | D:4      | Gained mutation: You have a pair of small horns on your head. [potion of mutation]
  2942 | D:4      | Gained mutation: You have very sharp teeth. [potion of mutation]
  2942 | D:4      | Lost mutation: You have a pair of small horns on your head. [potion of mutation]
  2942 | D:4      | Gained mutation: Your spells are a little harder to cast, but a little more powerful. [potion of mutation]
  2949 | D:4      | Lost mutation: Your spells are a little harder to cast, but a little more powerful. [potion of mutation]
  2949 | D:4      | Lost mutation: You have very sharp teeth. [potion of mutation]
  2949 | D:4      | Gained mutation: Your magical capacity is low. (-10% MP) [potion of mutation]
  2949 | D:4      | Gained mutation: You possess an exceptional clarity of mind. [potion of mutation]
  2949 | D:4      | Gained mutation: Your spells are a little harder to cast, but a little more powerful. [potion of mutation]
  2949 | D:4      | Gained mutation: You are partially covered in slimy green scales. (AC +2) [potion of mutation]
  2950 | D:4      | Lost mutation: You possess an exceptional clarity of mind. [potion of mutation]
  2950 | D:4      | Lost mutation: Your magical capacity is low. (-10% MP) [potion of mutation]
  2950 | D:4      | Gained mutation: Scrolls take you a little longer to read. [potion of mutation]
  2950 | D:4      | Gained mutation: You have sharp fingernails. [potion of mutation]
  2950 | D:4      | Gained mutation: You are partially covered in yellow scales. (AC +2) [potion of mutation]
  2950 | D:4      | Gained mutation: You possess an exceptional clarity of mind. [potion of mutation]
  3225 | D:4      | Reached skill level 10 in Polearms
  3416 | D:4      | Found a glowing silver altar of Zin.
  3674 | D:4      | Found a shadowy altar of Dithmenos.
  3824 | D:5      | Entered Level 5 of the Dungeon
  3837 | D:4      | Reached XP level 7. HP: 30/50 MP: 7/7
  4031 | D:5      | Reached skill level 11 in Polearms
  4547 | D:5      | Found a basalt altar of Yredelemnul.
  4938 | D:6      | Reached skill level 12 in Polearms
  5186 | D:5      | HP: 2/50 [quokka (1)]
  5682 | D:5      | Reached XP level 8. HP: 30/56 MP: 8/8
  5856 | D:5      | Reached skill level 13 in Polearms
  6000 | D:5      | Lost mutation: Scrolls take you a little longer to read. [potion of mutation]
  6000 | D:5      | Lost mutation: Your spells are a little harder to cast, but a little more powerful. [potion of mutation]
  6000 | D:5      | Lost mutation: You have sharp fingernails. [potion of mutation]
  6000 | D:5      | Gained mutation: Your system is resistant to poisons. (rPois) [potion of mutation]
  6000 | D:5      | Lost mutation: You are partially covered in yellow scales. (AC +2) [potion of mutation]
  6000 | D:5      | Gained mutation: You are surrounded by a mild repulsion field. (EV +2) [potion of mutation]
  6015 | D:5      | Found Xois's Assorted Antiques.
  6459 | D:5      | Found Ykku's Assorted Antiques.
  6581 | D:6      | Reached skill level 14 in Polearms
  7454 | D:7      | Reached skill level 15 in Polearms
  7623 | D:7      | Noticed diana's ghost (novice MfGl)
  7632 | D:7      | Noticed a hippogriff
  7638 | D:7      | Killed diana's ghost
  7638 | D:7      | Reached skill level 16 in Polearms
  7638 | D:7      | Reached XP level 9. HP: 10/61 MP: 9/9
  8208 | D:7      | Found a staircase to the Ecumenical Temple.
  8248 | Temple   | Entered the Ecumenical Temple
  8281 | Temple   | Became a worshipper of Ashenzari the Shackled
  9308 | D:8      | Reached * piety under Ashenzari
  9383 | D:8      | Noticed sipior's ghost (novice HuIE)
  9413 | D:8      | Killed sipior's ghost
  9413 | D:8      | Reached skill level 17 in Polearms
  9818 | D:8      | Reached skill level 18 in Polearms
 10208 | D:8      | Reached XP level 10. HP: 58/67 MP: 10/10
 10797 | D:8      | Noticed a two-headed ogre
 10830 | D:8      | Killed a two-headed ogre
 10830 | D:8      | Reached skill level 19 in Polearms
 11254 | D:9      | Identified Zuav's Disquisition on the Dusty Birds
 11310 | D:9      | Found a staircase to the Lair.
 11435 | D:9      | HP: 3/67 [troll (10)]
 12079 | D:9      | Slain by a troll

Skill      XL: |  1  2  3  4  5  6  7  8  9 10 |
---------------+-------------------------------+-----
Polearms       | 5 6 7 8 9 10 12 16 18 19 | 19.9
Fighting       | |  2.1
Throwing       | |  2.0
Dodging        | |  4.0

Action                   |  1- 3 |  4- 6 |  7- 9 | 10-12 || total
-------------------------+-------+-------+-------+-------++-------
Melee: Trident           |   122 |    87 |       |       ||   209
       Tailslap          |       |     3 |       |       ||     3
       Halberd           |       |    37 |   334 |   123 ||   494
Invok: Curse Item        |       |       |     1 |       ||     1
  Use: Potion            |       |     5 |     7 |       ||    12
 Stab: Sleeping          |     1 |     2 |     2 |     1 ||     6
  Eat: Chunk             |     1 |     4 |     8 |     2 ||    15
       Ration            |       |     1 |     4 |     1 ||     6
Armor: Leather armour    |    27 |    18 |    92 |    19 ||   156
Dodge: Dodged            |    81 |    77 |   265 |    79 ||   502
